 Dungeon Crawl Stone Soup version 0.22-a0-422-g9628fc87f1 (webtiles) character file.

145 Kriby the Ducker (level 5, -1/27 HPs)
             Began as a Spriggan Gladiator on May 19, 2018.
             Was a Follower of Okawaru.
             Slain by a gnoll
             ... wielding a +0 club
              (6 damage)
             ... on level 3 of the Dungeon.
             The game lasted 00:02:56 (3006 turns).

Kriby the Ducker (Spriggan Gladiator)               Turns: 3006, Time: 00:02:57

Health: -1/27      AC:  8    Str: 10 (11) XL:     5   Next: 6%
Magic:  6/6        EV: 11    Int:  9      God:    Okawaru [*.....]
Gold:   140        SH:  0    Dex: 15 (18) Spells: 4/4 levels left

rFire    + . .     SeeInvis +   g - +2 quarterstaff (chaos)
rCold    . . .     Gourm    .   (shield currently unavailable)
rNeg     . . .     Faith    .   b - +0 robe
rPois    .         Spirit   .   c - +1 hat
rElec    .         Reflect  .   h - +2 cloak
rCorr    .         Harm     .   (gloves unavailable)
MR       .....                  (boots unavailable)
Stlth    +.........             (no amulet)
HPRegen  0.09/turn              (no ring)
MPRegen  0.10/turn              (no ring)

@: held, very quick
A: very small, unfitting armour, thin metallic scales 1, see invisible, fire
resistance 1, herbivore, speed 3, slow metabolism 2, evolution 1
a: Heroism, Renounce Religion


You were on level 3 of the Dungeon.
You worshipped Okawaru.
Okawaru was aware of your devotion.
You were not hungry.

You visited 1 branch of the dungeon, and saw 3 of its levels.

You collected 140 gold pieces.

Inventory:

Hand Weapons
 a - a +0 quarterstaff
 g - a +2 quarterstaff of chaos (weapon)
Missiles
 d - 2 throwing nets (quivered)
Armour
 b - a +0 robe (worn)
 c - a +1 hat (worn)
 h - a +2 cloak (worn)
 r - a +0 buckler
Scrolls
 e - a scroll of teleportation {@r3}
 i - a scroll of fog {unknown}
 j - 2 scrolls of fear
 k - a scroll of identify {@r1}
 m - a scroll of remove curse {@r2}
Potions
 l - a potion of invisibility {unknown}
Comestibles
 f - 4 rations {@e1}


   Skills:
 + Level 2.5 Fighting
 + Level 2.8 Staves
 - Level 2.0 Throwing
 * Level 6.8 Dodging


You had 4 spell levels left.
You didn't know any spells.
Your spell library was empty.

Dungeon Overview and Level Annotations

Branches:
Dungeon (3/15)

Altars:
Ashenzari
Kikubaaqudgha
Okawaru


Innate Abilities, Weirdness & Mutations

You are very small and have problems with some larger weapons.
You are too small for most types of armour.
You have supernaturally acute eyesight. (SInv)
You are a herbivore.
You cover ground extremely quickly.
You need to consume almost no food.
You are partially covered in thin metallic scales. (AC +2)
Your flesh is heat resistant. (rF+)
You evolve.


Message History

You feel agile. The bat completely misses you.
A rat comes into view.
You hit the bat but do no damage.
The bat blinks!
The gnoll hits you from afar with a halberd!
Ouch! That really hurt!
* * * LOW HITPOINT WARNING * * *
A giant cockroach comes into view.
There are monsters nearby!
You are too injured to fight recklessly!
You are too injured to fight recklessly!
The gnoll throws a throwing net.
The throwing net hits you.
You become entangled in the net!
You see here a throwing net.
You struggle against the net.
You struggle against the net.
The gnoll hits you but does no damage.
You struggle against the net.
The bat hits you.
* * * LOW HITPOINT WARNING * * *
The gnoll closely misses you. The gnoll hits you with a club.
You die...

#.......# ##...## #.####.#.#
#.....#.###.....## #........#
#.....#.##.......## ##.###.###
###.....#.#.........####...##.#
..........+.........'.......#.#
........###.........####...##.#
####†.#.# #.......## ##.###.# #
#.##.# ##b....## ### ... #
...>..######..@#### .#
##.#.####......g....# ##.#.#
#.####g####(# ## #.# ... .# .
..# #.... .. #.... .# ....._ #
#.#...s #.#....


You could see 2 gnolls and a bat.

Vanquished Creatures
  Crazy Yiuf (D:3)
  2 orc priests (D:2)
  A gnoll (D:3)
  A worm (D:3)
  A dart slug (D:2)
  4 orcs
  3 giant cockroaches
  5 goblins
  A hobgoblin (D:2)
  4 jackals (D:3)
  5 kobolds
  2 quokkas (D:2)
  A ball python (D:2)
  4 bats
  4 frilled lizards
  6 rats
45 creatures vanquished.

Notes
Turn   | Place    | Note
-------+----------+-------------------------------------------
     0 | D:1      | Kriby the Spriggan Gladiator began the quest for the Orb.
     0 | D:1      | Reached XP level 1. HP: 10/10 MP: 2/2
   386 | D:1      | Reached XP level 2. HP: 15/15 MP: 3/3
   739 | D:1      | Reached skill level 5 in Dodging
  1058 | D:2      | Found a faded altar of an unknown god.
  1403 | D:2      | Found a shattered altar of Ashenzari.
  1483 | D:2      | Reached XP level 3. HP: 18/18 MP: 4/4
  2331 | D:2      | Gained mutation: You evolve. [potion of mutation]
  2331 | D:2      | Gained mutation: Your flesh is heat resistant. (rF+) [potion of mutation]
  2331 | D:2      | Gained mutation: You are partially covered in thin metallic scales. (AC +2) [potion of mutation]
  2339 | D:2      | Reached skill level 6 in Dodging
  2339 | D:2      | Reached XP level 4. HP: 23/23 MP: 5/5
  2410 | D:2      | Became a worshipper of Warmaster Okawaru
  2410 | D:2      | Reached * piety under Okawaru
  2664 | D:3      | Found a runed door.
  2723 | D:3      | Noticed Crazy Yiuf
  2735 | D:3      | Killed Crazy Yiuf
  2999 | D:3      | Found an ancient bone altar of Kikubaaqudgha.
  3001 | D:3      | Reached XP level 5. HP: 21/27 MP: 6/6
  3006 | D:3      | Slain by a gnoll

Vault maps used:
D:1:      saegor_arrival_miasma
D:2:      ashenzari_altar_1, first_ration, chequers_ecumenical_altar_twisty,
          grunt_decor_resistance
D:3:      old_standard_altar, wad_floor_pattern_untrapped,
          uniq_crazy_yiuf_cottage

Skill      XL: |  1  2  3 |
---------------+----------+-----
Dodging        | 5 6 |  6.8
Fighting       | 2 |  2.5
Staves         | |  2.8
Throwing       | |  2.0

Action                   |  1- 3 |  4- 6 || total
-------------------------+-------+-------++-------
Melee: Quarterstaff      |    92 |    34 ||   126
Throw: Throwing net      |       |     3 ||     3
  Use: Potion            |     4 |       ||     4
       Scroll            |     1 |     7 ||     8
 Stab: Sleeping          |     2 |       ||     2
       Held in net/web   |       |     1 ||     1
Armor: Robe              |     4 |     5 ||     9
       Skin              |     7 |     7 ||    14
Dodge: Dodged            |    82 |    21 ||   103

Table legend:
 A = Spawn XP
 B = Non-spawn XP
 C = Spawn XP percentage of total XP
 D = Spawn monster count
 E = Non-spawn monster count
 F = Spawn count percentage of total count
 G = Total turns spent on level
                    A         B        C        D         E        F      G
               +---------+---------+-------+---------+---------+-------+---------
         Total |       0 |     208 |   0.0 |       0 |      45 |   0.0 |  3006
               +---------+---------+-------+---------+---------+-------+---------
           D:1 |       0 |      16 |   0.0 |       0 |      12 |   0.0 |   794
           D:2 |       0 |     116 |   0.0 |       0 |      22 |   0.0 |  1484
           D:3 |       0 |      76 |   0.0 |       0 |      11 |   0.0 |   728
               +---------+---------+-------+---------+---------+-------+---------
